 Dungeon Crawl Stone Soup version 0.26.1-11-gd32895ea62 (webtiles) character file.

Game seed: 15554316232788673315

3820 nothank2 the Destroyer (level 9, -6/62 HPs)
             Began as a Yellow Draconian Conjurer on July 16, 2021.
             Was a Priest of Sif Muna.
             Mangled by a wyvern (16 damage)
             ... on level 8 of the Dungeon.
             The game lasted 00:50:07 (10840 turns).

nothank2 the Destroyer (Yellow Draconian Conjurer) Turns: 10840, Time: 00:50:08

Health: -6/62      AC:  8    Str: 11    XL:     9   Next: 97%
Magic:  3/19       EV: 12    Int: 21    God:    Sif Muna [***...]
Gold:   537        SH:  5    Dex:  9    Spells: 6/22 levels left

rFire    . . .     SeeInvis +   J - +3 halberd (venom)
rCold    . . .     Faith    .   (shield currently unavailable)
rNeg     . . .     Spirit   .   (armour unavailable)
rPois    .         Reflect  +   (helmet restricted)
rElec    .         Harm     .   (no cloak)
rCorr    +         Rampage  .   (no gloves)
Will     .....                  i - +0 pair of boots
Stlth    +++.......             z - amulet of reflection
HPRegen  0.20/turn              n - ring of see invisible
MPRegen  0.16/turn              E - ring of stealth

@: short of breath
A: spit acid, unfitting armour, cold-blooded, acid resistance, AC +7
a: Breathe Acid, Renounce Religion, Channel Magic, Forget Spell


You were on level 8 of the Dungeon.
You worshipped Sif Muna.
Sif Muna was most pleased with you.
You visited 1 branch of the dungeon, and saw 8 of its levels.
You also visited: Ossuary.

You collected 537 gold pieces.

Inventory:

Hand Weapons
 j - a +2 short sword of speed
 k - a +2 whip of electrocution
 J - a +3 halberd of venom (weapon)
Armour
 i - a +0 pair of boots (worn)
 D - a +0 pair of boots
Magical Staves
 t - an uncursed staff of earth
Jewellery
 n - a ring of see invisible (left hand)
 z - an amulet of reflection (around neck)
 E - a ring of stealth (right hand)
 I - a cursed amulet of inaccuracy {unknown}
 K - a +4 ring of protection {unknown}
Wands
 H - a wand of iceblast (11)
Scrolls
 a - 13 scrolls of identify
 m - 2 scrolls of remove curse
 o - 2 scrolls of immolation {unknown}
 q - 3 scrolls of magic mapping
 r - a scroll of fear
 s - 2 scrolls of teleportation
 u - a scroll of enchant armour {unknown}
 v - 2 scrolls of fog {unknown}
 x - a scroll of enchant weapon {unknown}
 y - 2 scrolls of amnesia {unknown}
 C - a scroll of holy word {unknown}
 F - a scroll of summoning {unknown}
 G - a scroll of random uselessness {unknown}
Potions
 b - a potion of berserk rage {unknown}
 c - 10 potions of curing
 d - a potion of magic {unknown}
 e - 3 potions of brilliance
 f - a potion of invisibility {unknown}
 g - 3 potions of heal wounds
 h - a potion of degeneration {unknown}
 l - a potion of flight {unknown}
 p - a potion of ambrosia {unknown}
 w - 3 potions of attraction {unknown}
 A - 2 potions of cancellation {unknown}
 B - 2 potions of mutation {unknown}


   Skills:
 - Level 1.7 Dodging
 - Level 1.7 Stealth
 + Level 7.2 Spellcasting
 * Level 10.8 Conjurations
 - Level 3.1 Hexes
 - Level 3.1 Translocations
 - Level 2.1 Air Magic
 - Level 2.1 Poison Magic
 + Level 2.9 Invocations


You had 6 spell levels left.
You knew the following spells:

 Your Spells              Type           Power        Failure   Level
a - Magic Dart            Conj           100%         1%          1
b - Searing Ray           Conj           100%         1%          2
c - Fulminant Prism       Conj/Hex       18%          4%          4
d - Iskenderun's Mystic   Conj/Tloc      37%          4%          4
e - Poisonous Vapours     Pois/Air       32%          5%          2
f - Mephitic Cloud        Conj/Pois/Air  28%          3%          3

Your spell library contained the following spells:

 Spells                   Type           Power        Failure   Level
 Foxfire                  Conj/Fire      100%         1%          1
 Dazzling Flash           Conj/Hex       72%          1%          3
 Apportation              Tloc           40%          2%          1
 Corona                   Hex            22%          2%          1
 Conjure Flame            Conj/Fire      30%          2%          3
 Slow                     Hex            20%          3%          2
 Confusing Touch          Hex            20%          7%          3
 Gell's Gravitas          Tloc           10%          7%          3
 Portal Projectile        Hex/Tloc       40%          7%          3
 Animate Skeleton         Necr           14%          9%          1
 Summon Small Mammal      Summ           28%          9%          1
 Sticky Flame             Conj/Fire      30%          10%         4
 Inner Flame              Hex/Fire       14%          14%         3
 Cause Fear               Hex            10%          24%         4
 Fireball                 Conj/Fire      15%          26%         5
 Leda's Liquefaction      Hex/Erth       7%           41%         4
 Petrify                  Tmut/Erth      7%           65%         4
 Metabolic Englaciation   Hex/Ice        7%           77%         5
 Yara's Violent Unravell  Hex/Tmut       7%           77%         5
 Freezing Cloud           Conj/Ice/Air   12%          92%         6


Dungeon Overview and Level Annotations

Branches:
Dungeon (8/15)             Temple (0/1) D:4         Ossuary (visited)
   Lair: D:8-11

Altars:
Dithmenos
Elyvilon
Makhleb
Qazlal
Sif Muna
The Shining One


Innate Abilities, Weirdness & Mutations

You can spit globs of acid.
Your golden yellow scales are hard. (AC +7)
You cannot fit into any form of body armour.
You are cold-blooded and may be slowed by cold attacks.
You are resistant to acid. (rCorr)


Message History

The searing ray hits the red ugly thing!
You kill the red ugly thing!
Sif Muna accepts your kill. (Press . to maintain the ray.)
The wyvern bites you but does no damage.
Casting: Searing Ray (safe; 1% risk of failure)
Confirm with . or Enter, or press ? or * to list all spells.
Aiming: Searing Ray (safe; 1% risk of failure)
Press: ? - help, Shift-Dir - straight line, f - wyvern
Aim: a wyvern (17% to evade)
The searing ray hits the wyvern!
The wyvern is heavily wounded. (Press . to maintain the ray.)
The wyvern bites you! The wyvern barely misses you.
The searing ray misses the wyvern.
The wyvern bites you!
* * * LOW HITPOINT WARNING * * *
The searing ray hits the wyvern!
The wyvern is severely wounded.
The wyvern closely misses you. The wyvern bites you!
You die...

......#.....####.................
.............####<........#####..
.......##.......#...#.....### #..
.......##....##.............###..
.......#.....#.....#####.....##.#
.#.....#..#..##..#..# #.....#..#
.#.....#..#..#......# #....##..#
.#........##.....l##. #........#
..#.......#.....@..#.. ..##.....
.............###...?.....# ......
.............# ##......... #.....
....#........# #..#.##.. #.....
....#........# #.# # #.##.....
#...###......# ..# #..#.....
.....##.............## ##.##.....
...†................>.##..###....
...................#.......#.<..O


You could see a wyvern.

Vanquished Creatures
  2 ugly things
  A water moccasin (D:6)
  An orc warrior (D:7)
  2 ice beasts
  4 ogres
  2 centaurs
  5 big kobolds (D:4)
  2 bullfrogs
  A water moccasin zombie (D:8)
  A water moccasin skeleton (D:8)
  3 scorpions
  A wight (D:6)
  3 howler monkeys (D:7)
  3 centaur zombies (Ossuary)
  2 quasits
  A bullfrog zombie (D:6)
  2 jellies (D:8)
  An orc priest (D:5)
  3 hounds
  A bullfrog skeleton (D:5)
  An iguana (D:4)
  Terence (D:3)
  7 orc wizards
  3 worker ants
  A killer bee zombie (D:8)
  3 big kobold zombies (Ossuary)
  A hound skeleton (D:6)
  5 mummies (Ossuary)
  A worker ant zombie (D:6)
  11 adders
  12 gnolls
  A white imp (D:7)
  An ufetubus (D:6)
  2 oozes (D:2)
  An adder skeleton (D:6)
  An adder zombie (D:8)
  A dart slug (D:1)
  3 leopard geckos
  9 orcs
  8 giant cockroaches
  3 hobgoblins
  16 jackals
  38 kobolds
  6 quokkas
  2 ball pythons (D:1)
  7 bats
  7 frilled lizards
  9 goblins
  A hobgoblin zombie (Ossuary)
  A jackal skeleton (D:4)
  A quokka zombie (D:5)
  10 rats
215 creatures vanquished.

Vanquished Creatures (others)
  5 fulminant prisms
5 creatures vanquished.

Grand Total: 220 creatures vanquished

Notes
Turn   | Place    | Note
-------+----------+-------------------------------------------
     0 | D:1      | nothank2 the Draconian Conjurer began the quest for the
                  | Orb.
     0 | D:1      | Reached XP level 1. HP: 14/14 MP: 3/3
   360 | D:1      | Reached XP level 2. HP: 20/20 MP: 1/5
  1305 | D:2      | Reached XP level 3. HP: 26/26 MP: 4/6
  1603 | D:2      | Reached skill level 5 in Conjurations
  1701 | D:2      | Learned a level 2 spell: Searing Ray
  1765 | D:2      | Reached XP level 4. HP: 33/33 MP: 4/8
  1770 | D:2      | Learned a level 4 spell: Fulminant Prism
  2589 | D:3      | Found a glowing golden altar of the Shining One.
  2589 | D:3      | Found a burning altar of Makhleb.
  2850 | D:3      | Noticed Terence
  2857 | D:3      | Killed Terence
  3031 | D:3      | Reached XP level 5. HP: 38/38 MP: 7/9
  3702 | D:4      | Reached skill level 6 in Conjurations
  3840 | D:4      | Found a shimmering blue altar of Sif Muna.
  3846 | D:4      | Became a worshipper of Sif Muna the Loreminder
  4262 | D:4      | Reached XP level 6. HP: 45/45 MP: 3/11
  4332 | D:4      | Reached * piety under Sif Muna
  4338 | D:4      | Reached skill level 7 in Conjurations
  4383 | D:4      | Your scales start taking on a golden yellow colour.
  4383 | D:4      | Reached XP level 7. HP: 40/50 MP: 0/13
  4383 | D:4      | Gained mutation: You are resistant to acid. (rCorr) [Yellow
                  | Draconian growth]
  4388 | D:4      | Learned a level 4 spell: Iskenderun's Mystic Blast
  5118 | D:4      | Found a staircase to the Ecumenical Temple.
  5330 | D:5      | Entered Level 5 of the Dungeon
  5579 | D:5      | Reached ** piety under Sif Muna
  5580 | D:5      | Reached skill level 1 in Translocations
  5584 | D:5      | Reached skill level 1 in Hexes
  5718 | D:5      | Found a shadowy altar of Dithmenos.
  5909 | D:5      | Reached skill level 8 in Conjurations
  6139 | D:4      | Reached XP level 8. HP: 27/57 MP: 8/15
  6348 | D:5      | Reached skill level 5 in Spellcasting
  6608 | D:5      | Found a stormy altar of Qazlal.
  6738 | D:6      | Found a sand-covered staircase.
  6743 | Ossuary  | Entered an ossuary
  7144 | D:6      | Reached skill level 9 in Conjurations
  7807 | D:6      | Learned a level 2 spell: Poisonous Vapours
  8067 | D:6      | Reached *** piety under Sif Muna
  8283 | D:6      | Reached skill level 1 in Air Magic
  8724 | D:7      | Reached skill level 1 in Poison Magic
  8841 | D:7      | Noticed a green ugly thing
  8850 | D:7      | Killed a green ugly thing
  8851 | D:7      | Reached XP level 9. HP: 62/62 MP: 5/18
  9060 | D:7      | Found a white marble altar of Elyvilon.
  9429 | D:7      | Reached skill level 10 in Conjurations
  9902 | D:8      | Noticed a cyclops
  9905 | D:8      | HP: 3/62 [centaur/arrow (11)]
  9959 | D:8      | Noticed a red ugly thing
 10195 | D:8      | Reached skill level 1 in Invocations
 10339 | D:8      | Learned a level 3 spell: Mephitic Cloud
 10495 | D:8      | Noticed a two-headed ogre
 10837 | D:8      | Killed a red ugly thing
 10840 | D:8      | Mangled by a wyvern

Illustrated notes

Levels and vault maps discovered:
D:1:      dpeg_arrival_brainrot, layout_basic
D:2:      minmay_alternating_diamond, layout_loops_ring
D:3:      layout_loops_ring, gammafunk_temple_overflow_elements,
          minmay_checkerbox, uniq_terence
D:4:      minmay_goblin_kobold_castle, layout_basic, minmay_temple_entry_mist,
          led_sif_pool
D:5:      layout_basic, kennysheep_mini, nicolae_dithmenos_the_darkroom,
          minmay_misc_feat_pillars, st_stairs_5
D:6:      layout_loops_corners, enter_ossuary_5, minmay_quadrilaterals
D:7:      layout_gridville, nicolae_overflow_crystal_walls
D:8:      layout_cave_pools, minmay_radiant

Skill      XL: |  1  2  3  4  5  6  7  8  9 |
---------------+----------------------------+-----
Conjurations   | 5 6 7 8 9 10 | 10.8
Spellcasting   | 3 4 6 7 |  7.2
Translocations | 2 3 |  3.1
Hexes          | 1 2 3 |  3.1
Air Magic      | 1 2 |  2.1
Poison Magic   | 1 2 |  2.1
Invocations    | 2 |  2.9
Dodging        | |  1.7
Stealth        | |  1.7

Action                   |  1- 3 |  4- 6 |  7- 9 || total
-------------------------+-------+-------+-------++-------
Melee: Mace              |    15 |       |       ||    15
       Whip              |     1 |    28 |    20 ||    49
       Tailslap          |       |     1 |     4 ||     5
       Halberd           |       |       |     3 ||     3
 Cast: Magic Dart        |    61 |   111 |   208 ||   380
       Searing Ray       |       |     8 |    49 ||    57
       Fulminant Prism   |       |       |     5 ||     5
       Mephitic Cloud    |       |       |     3 ||     3
       Poisonous Vapours |       |       |     2 ||     2
 Abil: Breathe Acid      |       |       |     1 ||     1
  Use: Scroll            |       |       |     9 ||     9
       Potion            |       |       |     1 ||     1
Armor: Skin              |    10 |    21 |    44 ||    75
Dodge: Dodged            |    23 |    31 |    97 ||   151
Block: Other             |       |       |     4 ||     4
